 Dungeon Crawl Stone Soup version 0.30-b1-2-g02819fbbbe (webtiles) character file.

Game seed: 9301322250226845451

177 sanka the Charlatan (level 5, 0/44 HPs)
             Began as an Armataur Wanderer on May 8, 2023.
             Was a Follower of Wu Jian.
             Killed from afar by Natasha (2 damage)
             ... with a magic dart
             ... on level 2 of the Dungeon.
             The game lasted 00:04:55 (2650 turns).

sanka the Charlatan (Armataur Wanderer)             Turns: 2650, Time: 00:04:56

Health: 0/44       AC:  5    Str: 16    XL:     5   Next: 30%
Magic:  5/8        EV:  9    Int: 13    God:    Wu Jian [*.....]
Gold:   65         SH:  0    Dex: 12    Spells: 4/8 levels left

rFire   . . .        s - +0 halberd
rCold   . . .        (shield currently unavailable)
rNeg    . . .        d - +0 leather armour
rPois   .            q - +0 helmet
rElec   .            (no cloak)
rCorr   .            (no gloves)
SInv    .            (no barding)
Will    .....        (no amulet)
Stlth   +            (no ring)
HPRegen 0.27/turn    (no ring)
MPRegen 0.11/turn

%: roll
@: slowed, very slow
A: large, rugged brown scales 3, deformed body, armoured tail, roll, long
tongue, awkward tongue
a: Renounce Religion


You were on level 2 of the Dungeon.
You worshipped Wu Jian.
Wu Jian was aware of your devotion.
You visited 1 branch of the dungeon, and saw 2 of its levels.

You collected 65 gold pieces.

Inventory:

Hand Weapons
 a - a +0 club
 n - a +0 flail
 s - a +0 halberd (weapon)
Armour
 d - a +0 leather armour (worn)
 q - a +0 helmet (worn)
Magical Staves
 k - a staff of air
Wands
 e - a wand of paralysis (13)
 r - a wand of roots (7)
Scrolls
 g - 2 scrolls of teleportation {unknown}
 h - a scroll of fog {unknown}
 i - a scroll of noise {unknown}
 m - a scroll of amnesia {unknown}
 o - 3 scrolls of identify {unknown}
 t - a scroll of poison {unknown}
Potions
 b - 4 potions of lignification {!q}
 c - 4 potions of curing {@q1}
 f - a potion of degeneration {unknown}
 j - a potion of brilliance {unknown}
 l - a potion of heal wounds {unknown}
 p - 2 potions of haste {@q3}


   Skills:
 - Level 2.6 Fighting
 - Level 2.0 Spellcasting
 + Level 2.5 Conjurations
 + Level 3.3 Earth Magic
 - Level 5.0 Evocations


You had 4 spell levels left.
You knew the following spells:

 Your Spells              Type           Power      Damage    Failure   Level
a - Sandblast             Erth           20%        2d7       8%          1
b - Stone Arrow           Conj/Erth      16%        3d8       28%         3

Your spell library contained the following spells:

 Spells                   Type           Power      Damage    Failure   Level


Dungeon Overview and Level Annotations

Branches:
Dungeon (2/15)

Altars:
Wu Jian

Annotations:
D:2 Natasha


Innate Abilities, Weirdness & Mutations

You are completely covered in rugged brown scales. (AC +3, +7% HP)
Armour fits poorly on your strangely shaped body.
You have a long armoured tail.
You roll when moving toward enemies. (Rampage)
Your long tongue fully drains potion bottles. (2x potion effects)
Your tongue gives you trouble enunciating. (1.5x scroll delay)


Message History

Natasha is heavily wounded.
The cerulean imp hits you from afar with a +2 spear.
Natasha completely misses you.
The cerulean imp hits you from afar with a +2 spear.
Natasha claws you.
* * * LOW HITPOINT WARNING * * *
You are too injured to fight recklessly!
You are too injured to fight recklessly!
Casting: Sandblast (safe; 8% risk of failure)
Confirm with . or Enter, or press ? or * to list all spells.
Aiming: Sandblast (safe; 8% risk of failure)
Press: ? - help, Shift-Dir - straight line, f - Natasha
Aim: Natasha (heavily wounded, 77% to hit)
The blast of sand misses Natasha.
The cerulean imp hits you from afar with a +2 spear.
* * * LOW HITPOINT WARNING * * *
Natasha claws you but does no damage. The cerulean imp barely misses you.
Natasha closely misses you.
The cerulean imp hits you from afar with a +2 spear.
* * * LOW HITPOINT WARNING * * *
Casting: Sandblast (safe; 8% risk of failure)
Confirm with . or Enter, or press ? or * to list all spells.
Aiming: Sandblast (safe; 8% risk of failure)
Press: ? - help, Shift-Dir - straight line, f/p - Natasha
Aim: Natasha (heavily wounded, 77% to hit)
The blast of sand misses Natasha.
Natasha claws you.
* * * LOW HITPOINT WARNING * * *
The cerulean imp barely misses you. Natasha closely misses you.
The cerulean imp hits you but does no damage.
Unknown command.
Casting: Sandblast (safe; 8% risk of failure)
Confirm with . or Enter, or press ? or * to list all spells.
Aiming: Sandblast (safe; 8% risk of failure)
Press: ? - help, Shift-Dir - straight line, f/p - Natasha
Aim: Natasha (heavily wounded, 77% to hit)
The blast of sand hits Natasha.
Natasha is severely wounded.
Natasha casts a spell at you. The magic dart hits you.
You die...

...#
#.......†..#..>......
##.#
#.###..............#.
#.# #.#
####...########.. ##.#
###.#### ##.## ##. ##.#
#......####.# ####. ##.#
#.#.........# #.... ##.#
#)#.##.####'## #.###
<..# ....##.###...## #.#
####
#..####@##.....#####.###
# #.. #h#...........>..#
########
#...###.5........###....
........
.......>)......>.'......
######.#
..###.........###...# #
##...(..<.# ###.. ##
##.....#.# #.. .#
##...##.# #.# .# ##'##
.. ...#


You could see Natasha and a cerulean imp (summoned).

Vanquished Creatures
  Terence (D:2)
  Natasha (twice) (D:2)
  Robin (D:2)
  3 gnolls
  A worm (D:2)
  A dart slug (D:1)
  4 bats
  9 endoplasms
  3 giant cockroaches
  6 goblins
  6 hobgoblins
  4 jackals (D:1)
  3 quokkas
  4 ball pythons (D:1)
  3 frilled lizards
  4 kobolds
  3 rats
58 creatures vanquished.

Notes
Turn   | Place    | Note
-------+----------+-------------------------------------------
     0 | D:1      | sanka the Armataur Wanderer began the quest for the Orb.
     0 | D:1      | sanka set off with the following items: a +0 club, a potion
                  | of lignification {!q}, a potion of curing {@q1}, a +0
                  | leather armour, a wand of paralysis (14); and the following
                  | spell memorised: Sandblast; and the following spells
                  | available to memorise: Stone Arrow.
     0 | D:1      | Reached XP level 1. HP: 19/19 MP: 2/2
   173 | D:1      | Reached XP level 2. HP: 26/26 MP: 2/4
   692 | D:1      | Reached XP level 3. HP: 32/32 MP: 2/5
   728 | D:1      | Learned a level 3 spell: Stone Arrow
  1427 | D:2      | Noticed Robin
  1438 | D:2      | Reached skill level 1 in Conjurations
  1446 | D:2      | Killed Robin
  1589 | D:2      | Reached XP level 4. HP: 39/39 MP: 7/7
  1722 | D:2      | Noticed Terence
  1728 | D:2      | Killed Terence
  1769 | D:2      | Found a faded altar of an unknown god.
  1969 | D:2      | Noticed Natasha
  2036 | D:2      | Killed Natasha
  2037 | D:2      | Reached XP level 5. HP: 44/44 MP: 4/8
  2182 | D:2      | Prayed at the altar of an unknown god.
  2182 | D:2      | Became a worshipper of the Wu Jian Council
  2182 | D:2      | Reached * piety under Wu Jian
  2442 | D:2      | Noticed Natasha
  2446 | D:2      | Killed Natasha
  2641 | D:2      | Noticed Natasha
  2649 | D:2      | HP: 2/44 [Natasha (4)]
  2650 | D:2      | Killed from afar by Natasha

Illustrated notes

Levels and vault maps discovered:
D:1:      erik_arrival_orb_chamber, layout_basic
D:2:      layout_loops_corners, nicolae_ecumenical_oubliette, uniq_terence,
          uniq_natasha, uniq_robin

Skill      XL: |  1  2  3  4 |
---------------+-------------+-----
Earth Magic    | 2 3 |  3.3
Spellcasting   | 2 |  2.0
Conjurations   | 1 2 |  2.5
Fighting       | |  2.6
Evocations     | |  5.0

Action                     |  1- 3 |  4- 6 || total
---------------------------+-------+-------++-------
  Melee: Club              |    45 |       ||    45
         Tailslap          |    11 |     6 ||    17
         Punch             |     1 |       ||     1
         Flail             |    35 |    31 ||    66
         Halberd           |       |    10 ||    10
   Cast: Sandblast         |    39 |    22 ||    61
  Evoke: Wand              |       |     1 ||     1
    Use: Potion            |     1 |       ||     1
   Stab: Paralysed         |       |     3 ||     3
 Armour: Leather armour    |    44 |    25 ||    69
  Dodge: Dodged            |    67 |    32 ||    99
